AoeStats
← Hagen

Arabia

508849294Analyzed
1v1 RM · 9d ago on Sep 24, 2026· 24m 27s· 2 players
Game mode
Random Map
Map size
Tiny (2 player)
Population
200
Speed
Normal
Resources
Standard
Victory
Conquest
Starting age
Dark Age
Ending age
Imperial Age
RankedLock teamsTeams togetherTeam positionsShared explorationLock speedFull tech treeHidden civsTurbo modeCheats
Victory
Defeat
🇩🇪 Japanese · Germany
1136
+17
🇧🇪 Byzantines · Belgium
1164
-17
Hagen
10:45 Feudal Age
16:10 Castle Age
14:48 Stone Mining
15:10 Double-Bit Axe
23:08 Scale Mail Armor
25:05 Forging
cerogasbalmora
7:46 Loom
10:06 Feudal Age
11:04 Double-Bit Axe
18:43 Castle Age
17:20 Horse Collar
21:15 Wheelbarrow
21:21 Bow Saw
22:45 Forging
Connection lost

Rejoining the realm…

Still unreachable

The connection could not be restored.

Session expired

The server has moved on; the page needs a fresh start.